 Dungeon Crawl Stone Soup version 0.30-a0-141-g30f27751c5 (webtiles) character file.

Game seed: 1576725031358755482

79946 Decritt the Fighter (level 15, -5/101 HPs)
             Began as a Gargoyle Fighter on Sept 25, 2022.
             Was the Champion of the Shining One.
             Slain by a broodmother (13 damage)
             ... on level 2 of the Lair of Beasts.
             The game lasted 01:17:13 (32214 turns).

Decritt the Fighter (Gargoyle Fighter)             Turns: 32214, Time: 01:17:13

Health: -5/101     AC: 34    Str: 25    XL:     15   Next: 65%
Magic:  18/21      EV:  7    Int: 12    God:    the Shining One [******]
Gold:   1680       SH: 33    Dex: 11    Spells: 14/14 levels left

rFire   + . .      SeeInvis .    h - +2 morningstar
rCold   . . .      Faith    .    l - +2 tower shield
rNeg    + + +      Spirit   .    c - +2 plate armour {rF+}
rPois   ∞          Reflect  +    H - +0 helmet {Int+3}
rElec   +          Harm     .    (no cloak)
rCorr   .          Rampage  .    o - +2 pair of gloves
Will    +....                    (no boots)
Stlth   ..........               f - amulet of reflection
HPRegen 0.26/turn                u - +4 ring of protection
MPRegen 0.17/turn                x - +4 ring of slaying

@: divinely shielded, about to teleport, corroded, flying, glowing
A: sickness immunity, AC +11, big wings, negative energy resistance 1,
electricity resistance, torment resistance 1, petrification resistance
a: Renounce Religion, Divine Shield, Cleansing Flame, Summon Divine Warrior,
Brand Weapon With Holy Wrath


You were on level 2 of the Lair of Beasts.
You worshipped the Shining One.
The Shining One was exalted by your worship.
You visited 5 branches of the dungeon, and saw 22 of its levels.

You collected 1775 gold pieces.
You spent 95 gold pieces at shops.

Inventory:

Hand Weapons
 h - a +2 morningstar (weapon)
 E - a -2 demon whip of venom
Missiles
 b - 7 poisoned darts
 k - 3 silver boomerangs
 s - 4 throwing nets
 w - 9 boomerangs (quivered)
Armour
 c - a +2 plate armour of fire resistance (worn)
 l - a +2 tower shield (worn)
 o - a +2 pair of gloves (worn)
 C - a +2 plate armour of cold resistance
 H - a +0 helmet of intelligence (worn)
Jewellery
 f - an amulet of reflection (around neck)
 u - a +4 ring of protection (left hand)
 x - a +4 ring of slaying (right hand)
 y - a ring of ice
 A - a ring of resist corrosion
 F - a +6 ring of strength
Wands
 G - a wand of digging (3)
Scrolls
 g - a scroll of fear {unknown}
 i - 4 scrolls of teleportation
 j - 4 scrolls of poison
 p - 5 scrolls of enchant weapon
 r - 2 scrolls of identify
 t - a scroll of blinking
 I - a scroll of fog
Potions
 a - a potion of ambrosia
 d - 2 potions of might
 e - 10 potions of curing
 m - 4 potions of haste
 n - a potion of attraction
 q - 5 potions of magic
 v - a potion of resistance
 z - 3 potions of mutation
 D - a potion of berserk rage
 J - a potion of heal wounds
Miscellaneous
 B - a tin of tremorstones (2/2)


   Skills:
 * Level 14.7 Fighting
 * Level 13.1 Maces & Flails
 - Level 6.0 Throwing
 * Level 14.2 Armour
 + Level 3.9 Dodging
 * Level 13.4 Shields
 + Level 8.7 Invocations


You had 14 spell levels left.
You didn't know any spells.
Your spell library contained the following spells:

 Spells                   Type           Power      Damage    Failure   Level
 Apportation              Tloc           0%         N/A       100%        1
 Magic Dart               Conj           0%         1d3       100%        1
 Necrotise                Necr           0%         1d4       100%        1
 Summon Small Mammal      Summ           0%         N/A       100%        1
 Searing Ray              Conj           0%         2d4       100%        2
 Gell's Gravitas          Tloc           0%         N/A       100%        3
 Ignite Poison            Fire/Tmut/Pois 0%         N/A       100%        3
 Inner Flame              Hex/Fire       0%         N/A       100%        3
 Spider Form              Tmut/Pois      0%         N/A       100%        3
 Teleport Other           Tloc           0%         N/A       100%        3
 Cause Fear               Hex            0%         N/A       100%        4
 Fulminant Prism          Conj/Hex       0%         3d6       100%        4
 Olgreb's Toxic Radiance  Pois           0%         N/A       100%        4
 Passage of Golubria      Tloc           0%         N/A       100%        4
 Sticky Flame             Conj/Fire      0%         2d3       100%        4
 Arcjolt                  Conj/Air       0%         1d10      100%        5
 Iskenderun's Battlesphe  Conj           0%         2d6       100%        5
 Silence                  Hex/Air        0%         N/A       100%        5
 Summon Forest            Summ/Tloc      0%         N/A       100%        5
 Dispersal                Tloc           0%         N/A       100%        6
 Eringya's Noxious Bog    Tmut/Pois      0%         N/A       100%        6
 Iron Shot                Conj/Erth      0%         9d1       100%        6
 Summon Cactus Giant      Summ           0%         N/A       100%        6
 Spellforged Servitor     Conj/Summ      0%         N/A       100%        7
 Summon Hydra             Summ           0%         N/A       100%        7
 Discord                  Hex            0%         N/A       100%        8
 Lehudib's Crystal Spear  Conj/Erth      0%         10d2      100%        8


Dungeon Overview and Level Annotations

Branches:
Dungeon (13/15)            Temple (1/1) D:7            Lair (5/5) D:10
 Shoals (0/4) Lair:3       Spider (1/4) Lair:2        Slime (0/5) Lair:4
    Orc (2/2) D:10            Elf (0/3) Orc:2
 Vaults: D:13-14

Altars:
Ashenzari
Cheibriados
Dithmenos
Elyvilon
Fedhas
Gozag
Hepliaklqana
Kikubaaqudgha
Makhleb
Nemelex Xobeh
Okawaru
Qazlal
Ru
Sif Muna
Trog
Uskayaw
Vehumet
Wu Jian
Xom
Yredelemnul
Zin
The Shining One
Jiyva

Shops:
D:1 =   D:3 (   D:8 [==[   Orc:1 [   Orc:2 (*!!

Annotations:
D:4 Menkaure
Lair:4 exclusion: oklob plant


Innate Abilities, Weirdness & Mutations

You are immune to sickness and miasma.
Your stone body is resilient. (AC +11)
You are immune to poison.
Your large and strong wings let you fly.
You resist negative energy. (rN+)
You are resistant to electric shocks. (rElec)
You are resistant to unholy torment.
You are immune to petrification.


Message History

The wolf spider hits you but does no damage.
The wolf spider bites you but does no damage.
The wolf spider hits you.
The wolf spider bites you but does no damage.
The broodmother bites you! The tarantella barely misses you.
You hit the broodmother.
The broodmother is moderately wounded.
The wolf spider hits you!
* * * LOW HITPOINT WARNING * * *
You block the wolf spider's attack. The wolf spider hits you!
* * * LOW HITPOINT WARNING * * *
The wolf spider bites you.
* * * LOW HITPOINT WARNING * * *
You block the broodmother's attack. The tarantella completely misses you.
The wolf spider hits you but does no damage.
The wolf spider bites you.
* * * LOW HITPOINT WARNING * * *
The wolf spider hits you but does no damage.
You block the wolf spider's attack.
Your shield is strengthened by the Shining One's divine power.
The tarantella touches you but does no damage.
You block the wolf spider's attack. x2; The broodmother bites you!
* * * LOW HITPOINT WARNING * * *
A spider bursts forth from the wound!
The wolf spider hits you but does no damage.
You block the wolf spider's attack. You block the tarantella's attack.
As you read the scroll of teleportation, it crumbles to dust.
You feel strangely unstable. You block the wolf spider's attack.
The wolf spider bites you but does no damage.
You block the wolf spider's attack.
The wolf spider bites you but does no damage.
You block the broodmother's attack. You block the tarantella's attack.
The wolf spider hits you.
* * * LOW HITPOINT WARNING * * *
The wolf spider bites you.
* * * LOW HITPOINT WARNING * * *
The wolf spider hits you but does no damage.
The wolf spider bites you but does no damage.
The broodmother bites you!
You die...

......###...^#..........###..#
..##...#........#....^...##.##
...##.#..........#.#..^.###..#
.....#.###....#.#.##...##
##.## .....#..#..####...###.##
#..# .....##..#####.s...####
##.### .....#....###...Bss#
#...# ..#####.....###sss##
##..P. ### ##...###.#@##
##.#... #..#######s# #.#....
##...# ### ##..... #..P#######
##..... ##..##.#..## #......
#..##...#.## ###......
##..##......# ##..P.....
#.#........## #...P.....
###P......## ##.###..##


You could see a broodmother, an entropy weaver, 4 wolf spiders, an orb spider
(summoned) and a tarantella.

Vanquished Creatures
  Rupert (D:12)
  3 ettins
  Josephine (D:10)
  4 hydras
  Harold (D:9)
  A catoblepas (Lair:5)
  A boulder beetle (D:11)
  A merfolk avatar (Lair:5)
  A centaur warrior (D:10)
  A dancing weapon (D:13)
  8 two-headed ogres
  14 death yaks
  5 orc high priests (Orc:2)
  Amaemon (D:11)
  2 sea snakes (Lair:5)
  5 orc knights
  Pikel (D:8)
  A lindwurm (Lair:5)
  2 wolf spiders (Lair:2)
  An ugly thing (D:12)
  2 orc sorcerers
  2 cyclopes (D:12)
  4 manticores
  Joseph (D:9)
  10 black mambas
  2 elephants (Lair:5)
  Maurice (D:9)
  3 gargoyles
  3 rime drakes
  16 komodo dragons
  An orange demon (D:11)
  11 cane toads
  Psyche (D:9)
  A wind drake (Lair:5)
  7 trolls
  4 polar bears
  2 hornets
  A slime creature (D:12)
  Prince Ribbit (D:7)
  12 blink frogs
  A snapping turtle (Lair:4)
  12 dream sheep
  7 shadows
  A vampire (D:11)
  A culicivora (Lair:2)
  5 wraiths
  2 basilisks
  7 wyverns
  35 yaks
  3 steam dragons
  8 vampire mosquitoes
  3 wargs
  5 acid dragons
  Duvessa (D:7)
  37 water moccasins
  33 orc warriors
  A sky beast (D:6)
  An ice beast (D:5)
  A black bear (D:5)
  5 ogres
  8 wolves
  5 centaurs
  2 phantoms
  4 kobold brigands
  10 bullfrogs
  A necrophage (D:3)
  A gnoll sergeant (D:9)
  2 scorpions
  11 wights
  Dowan (D:7)
  6 killer bees
  2 howler monkeys (D:7)
  4 electric eels
  A lava snake (D:7)
  31 orc priests
  12 jellies
  3 hounds
  Jessica (D:3)
  6 iguanas
  Natasha (twice) (D:4)
  A hell rat (Lair:3)
  12 orc wizards
  Robin (D:3)
  4 gnolls
  24 adders
  A shadow imp (D:6)
  A white imp (D:7)
  An ufetubus (D:7)
  A worm (D:2)
  4 dart slugs
  62 orcs
  19 endoplasms
  4 giant cockroaches
  14 goblins
  5 hobgoblins
  10 jackals
  21 kobolds
  5 quokkas
  12 ball pythons
  4 bats
  3 frilled lizards
  6 rats
637 creatures vanquished.

Vanquished Creatures (others)
  2 orcs
  2 bushes
  29 fungi
  42 plants
75 creatures vanquished.

Grand Total: 712 creatures vanquished

Notes
Turn   | Place    | Note
-------+----------+-------------------------------------------
     0 | D:1      | Decritt the Gargoyle Fighter began the quest for the Orb.
     0 | D:1      | Reached XP level 1. HP: 14/14 MP: 1/1
    12 | D:1      | Found a faded altar of an unknown god.
    45 | D:1      | Reached XP level 2. HP: 17/19 MP: 2/2
   553 | D:1      | Reached XP level 3. HP: 23/23 MP: 3/3
  1053 | D:1      | Found Ybumn's Jewellery Shop.
  1532 | D:2      | Reached XP level 4. HP: 23/29 MP: 4/4
  2166 | D:3      | Noticed Robin
  2227 | D:3      | Killed Robin
  2479 | D:3      | Reached XP level 5. HP: 26/33 MP: 5/5
  2631 | D:3      | Found Neorait's Antique Weapon Boutique.
  2812 | D:3      | Noticed Jessica
  2824 | D:3      | Killed Jessica
  2833 | D:3      | Reached XP level 6. HP: 39/39 MP: 6/6
  2967 | D:4      | Noticed Natasha
  2980 | D:4      | Killed Natasha
  3250 | D:4      | Noticed Natasha
  3258 | D:4      | Killed Natasha
  3259 | D:4      | Reached skill level 5 in Fighting
  3259 | D:4      | Reached skill level 1 in Throwing
  3328 | D:4      | Noticed Menkaure
  3350 | D:5      | Entered Level 5 of the Dungeon
  3699 | D:5      | Noticed an ice beast
  3715 | D:5      | Killed an ice beast
  3716 | D:5      | Reached XP level 7. HP: 39/44 MP: 7/7
  3811 | D:5      | Reached skill level 5 in Shields
  3883 | D:5      | Reached skill level 5 in Armour
  4045 | D:5      | You fall into a shaft and drop 2 floors!
  4340 | D:5      | Reached XP level 8. HP: 51/51 MP: 8/8
  4564 | D:4      | Reached skill level 5 in Maces & Flails
  5337 | D:6      | Found a shimmering blue altar of Sif Muna.
  5800 | D:7      | Noticed Duvessa
  5802 | D:7      | Noticed Dowan
  6214 | D:7      | Reached XP level 9. HP: 44/57 MP: 9/9
  6330 | D:7      | Found a staircase to the Ecumenical Temple.
  6342 | Temple   | Entered the Ecumenical Temple
  6517 | Temple   | Became a worshipper of the Shining One
  6728 | D:7      | Noticed Prince Ribbit
  7227 | D:7      | Killed Prince Ribbit
  7310 | D:7      | Killed Duvessa
  7314 | D:7      | Killed Dowan
  7381 | D:7      | Found a sparkling altar of Nemelex Xobeh.
  7689 | D:7      | Found an iron altar of Okawaru.
  7691 | D:7      | Found a glowing silver altar of Zin.
  7694 | D:7      | Got the Folio of Mustering and the Snake
  8294 | D:7      | Found a hide-covered altar of Uskayaw.
  8644 | D:8      | Found Maetog's Jewellery Emporium.
  8648 | D:8      | Reached skill level 1 in Invocations
  8701 | D:8      | Found Gonodi's Armour Emporium.
  8709 | D:8      | Bought a +0 tower shield for 45 gold pieces
  9018 | D:8      | Noticed a gargoyle
  9046 | D:7      | Reached XP level 10. HP: 54/65 MP: 9/11
  9051 | D:7      | Reached * piety under the Shining One
  9128 | D:7      | Killed a gargoyle
  9369 | D:8      | Found Nypriaj's Jewellery Shop.
  9428 | D:8      | Noticed Pikel
  9441 | D:8      | Killed Pikel
  9466 | D:8      | Found Qaheaga's Antique Armour Shoppe.
  9626 | D:8      | Noticed a two-headed ogre
  9641 | D:8      | Killed a two-headed ogre
 10268 | D:9      | Noticed Harold
 10431 | D:9      | Killed Harold
 10444 | D:9      | Noticed Joseph
 10471 | D:9      | Killed Joseph
 10589 | D:9      | Reached XP level 11. HP: 44/72 MP: 13/13
 10766 | D:9      | Noticed Psyche
 10771 | D:9      | Killed Psyche
 10898 | D:9      | Noticed Maurice
 10930 | D:9      | Reached skill level 10 in Fighting
 10932 | D:9      | Reached skill level 5 in Throwing
 10939 | D:9      | Killed Maurice
 11576 | D:10     | Entered Level 10 of the Dungeon
 11812 | D:10     | Noticed Josephine
 11812 | D:10     | Reached ** piety under the Shining One
 11825 | D:10     | Killed Josephine
 12008 | D:10     | Found a staircase to the Lair.
 12108 | D:10     | Found a staircase to the Orcish Mines.
 12291 | D:10     | Found a hazy altar of Hepliaklqana.
 12291 | D:10     | Noticed a centaur warrior
 12306 | D:10     | Killed a centaur warrior
 12643 | D:10     | Found a blossoming altar of Fedhas.
 12861 | D:11     | Noticed a boulder beetle
 12879 | D:11     | Killed a boulder beetle
 12880 | D:11     | Reached skill level 10 in Armour
 12930 | D:11     | Noticed a manticore
 12942 | D:11     | Killed a manticore
 13229 | D:11     | Noticed Amaemon
 13239 | D:11     | Killed Amaemon
 13240 | D:11     | Reached XP level 12. HP: 74/79 MP: 15/15
 13467 | D:11     | Noticed a two-headed ogre
 13487 | D:11     | Reached *** piety under the Shining One
 13495 | D:11     | Killed a two-headed ogre
 13562 | D:11     | Noticed a two-headed ogre
 13573 | D:11     | Killed a two-headed ogre
 13574 | D:11     | Reached skill level 5 in Invocations
 13644 | D:11     | Noticed a two-headed ogre
 13649 | D:11     | Killed a two-headed ogre
 13660 | D:11     | Noticed a five-headed hydra
 13669 | D:11     | Killed a five-headed hydra
 13973 | D:11     | Noticed a two-headed ogre
 13980 | D:11     | Killed a two-headed ogre
 14602 | D:12     | Reached skill level 10 in Maces & Flails
 14911 | D:12     | Noticed a two-headed ogre
 14921 | D:12     | Killed a two-headed ogre
 14922 | D:12     | Reached skill level 10 in Shields
 15398 | D:12     | Noticed Rupert
 15470 | D:12     | Killed Rupert
 15471 | D:12     | Reached XP level 13. HP: 60/86 MP: 15/17
 16439 | Lair:1   | Entered Level 1 of the Lair of Beasts
 17437 | Lair:1   | Noticed a fire dragon
 18368 | Lair:2   | Found a hole to the Spider Nest.
 19675 | Lair:3   | Reached skill level 1 in Dodging
 19981 | Lair:3   | Reached **** piety under the Shining One
 20031 | Lair:3   | Gained mutation: Your large and strong wings let you fly.
                  | [Gargoyle growth]
 20031 | Lair:3   | Reached XP level 14. HP: 87/94 MP: 19/19
 20728 | Lair:3   | Found a staircase to the Shoals.
 21073 | Lair:4   | Found a viscous altar of Jiyva.
 21074 | Lair:4   | Found a staircase to the Slime Pits.
 22053 | Lair:4   | You are sucked into a shaft and drop 1 floor!
 22053 | Lair:5   | Entered Level 5 of the Lair of Beasts
 22368 | Lair:5   | Reached ***** piety under the Shining One
 23840 | Lair:5   | Reached XP level 15. HP: 68/100 MP: 21/21
 25224 | Orc:1    | Entered Level 1 of the Orcish Mines
 25228 | Orc:1    | Found Rurruedith's Antique Armour Boutique.
 25991 | Orc:2    | Entered Level 2 of the Orcish Mines
 25991 | Orc:2    | Found a staircase to the Elven Halls.
 28822 | Orc:2    | Reached ****** piety under the Shining One
 29757 | Orc:2    | Found Egyv's Weapon Boutique.
 29760 | Orc:2    | Found Xotiynte's Distillery.
 29761 | Orc:2    | Found Utsistor's Distillery.
 29762 | Orc:2    | Found Aptodgh's Assorted Antiques.
 29765 | Orc:2    | Bought a potion of heal wounds for 50 gold pieces
 30151 | Orc:1    | Paralysed by an orc sorcerer for 2 turns
 31774 | Orc:1    | Paralysed by an orc sorcerer for 4 turns
 32131 | Spider:1 | Entered Level 1 of the Spider Nest
 32214 | Lair:2   | Slain by a broodmother

Illustrated notes

Levels and vault maps discovered:
D:1:      mrwooster_arrival_statue_2, layout_loops_corners, serial_shops,
          shop_fountains, hellmonk_ecumenical_altar_blasted, serial_bayou_ford_a
D:2:      layout_basic, kennysheep_generic_room_7
D:3:      layout_basic, serial_shops, nicolae_square_shop, minmay_unequal,
          uniq_robin, uniq_jessica
D:4:      layout_loops_ring, uniq_menkaure, uniq_natasha
D:5:      layout_loops_ring, glass_columns_a, kennysheep_potato,
          uniq_crazy_yiuf_cottage
D:6:      layout_loops_ring, led_sif_pool
D:7:      layout_cave_pods, nicolae_uskayaw_suspiria,
          nemelex_diamond_rough_becter, minitemple, minmay_temple_entry_ruins,
          nicolae_water_bricks, uniq_duvessa, uniq_prince_ribbit1
D:8:      layout_basic, serial_shops, nicolae_shop_waterfront, shop, shop, shop,
          uniq_pikel
D:9:      layout_stronghold, uniq_psyche, uniq_joseph, uniq_harold, uniq_maurice
D:10:     kennysheep_steamy, layout_rooms,
          mainiacjoe_overflow_concentric_impassable, lemuel_round_altar,
          lair_entry_dummy, minmay_orc_entry_temple_small, uniq_josephine
D:11:     layout_irregular_city, minmay_misc_feat_tower, nzn_life_drinkers,
          uniq_amaemon
D:12:     lemuel_slime, layout_loops_ring, uniq_rupert
D:13:     layout_small_grid, erik_vaults_1, minmay_misc_feat_iff
Temple:   nicolae_temple_superstar
Lair:1:   dragon1_lemuel, layout_layer_cave, infiniplex_staircase_pool_2
Lair:2:   layout_cave_pods, hellmonk_spider_entry_life_and_decay, minmay_holes,
          serial_bayou_shore_a, lemuel_fruit_tree, grunt_megastairs_5
Lair:3:   nzn_winding_woodlands_medium [nzn_winding_woodlands_5x5_default,
          nzn_winding_woodlands_5x15_twine,
          nzn_winding_woodlands_5x5_closed_star,
          nzn_winding_woodlands_hourglass, nzn_winding_woodlands_center_lodge,
          nzn_winding_woodlands_5x5_default,
          nzn_winding_woodlands_5x5_open_star,
          nzn_winding_woodlands_5x15_lazy_stream,
          nzn_winding_woodlands_5x5_cross], layout_cave_pods,
          elwin_shoals_entry_rocks
Lair:4:   lemuel_reptile_caves, layout_hall_layers, slime_entry_1,
          grunt_megastairs_2, infiniplex_staircase_pool
Lair:5:   gammafunk_lair_ancient_temple, layout_gridlike
Spider:1: layout_spider_delve
Orc:1:    layout_caves, serial_shops, nicolae_shop_trees
Orc:2:    st_orc_pillars, layout_diamond_mine

Skill      XL: |  1  2  3  4  5  6  7  8  9 10 11 12 13 14 15 |
---------------+----------------------------------------------+-----
Fighting       | 4 5 6 7 8 9 10 12 13 14 | 14.7
Armour         | 4 5 6 7 8 10 11 12 13 14 | 14.2
Shields        | 4 5 6 7 9 10 11 12 13 | 13.4
Maces & Flails | 3 4 6 7 8 9 10 11 12 13 | 13.1
Throwing       | 1 2 3 4 5 6 |  6.0
Invocations    | 1 3 4 6 7 8 |  8.7
Dodging        | 1 3 |  3.9

Action                   |  1- 3 |  4- 6 |  7- 9 | 10-12 | 13-15 || total
-------------------------+-------+-------+-------+-------+-------++-------
Melee: Flail             |   127 |   152 |       |       |       ||   279
       Club              |       |    52 |   288 |     4 |       ||   344
       Morningstar       |       |       |       |   435 |  1246 ||  1681
       Unarmed           |       |       |       |     2 |       ||     2
Throw: Boomerang         |       |    35 |    35 |     1 |   136 ||   207
       Dart              |       |       |     4 |    87 |   205 ||   296
       Throwing net      |       |       |       |     1 |       ||     1
Invok: Divine Shield     |       |       |       |     3 |     6 ||     9
  Use: Scroll            |       |     8 |     8 |    10 |    13 ||    39
       Potion            |       |     1 |       |     6 |     2 ||     9
 Stab: Distracted        |       |       |     1 |       |       ||     1
Armor: Scale mail        |    25 |       |       |       |       ||    25
       Chain mail        |    49 |    99 |   124 |       |       ||   272
       Plate armour      |       |       |    78 |   256 |   626 ||   960
Dodge: Dodged            |    60 |    50 |    64 |    62 |   187 ||   423
Block: Buckler           |    51 |   104 |   129 |       |       ||   284
       Reflection        |     3 |     1 |     8 |    30 |     8 ||    50
       Tower shield      |       |       |    16 |   599 |  1598 ||  2213

Table legend: (Time is in decaauts)
 A = Elapsed time spent in this place.
 B = Non-inter-level travel time spent in this place.
 C = Inter-level travel time spent in this place.
 D = Time resting spent in this place.
 E = Time spent auto-exploring this place.
 F = Levels seen in this place.
 G = Mean time per level.
                   A        B        C        D        E       F      G
               +--------+--------+--------+--------+--------+-----+--------+
         Total |  32749 |  31821 |    928 |  12295 |  12660 |  22 | 1488.6 |
       Dungeon |  17131 |  16589 |    542 |   5286 |   7949 |  13 | 1317.8 |
        Temple |    216 |    190 |     26 |      0 |     57 |   1 |  216.0 |
          Lair |   9073 |   8842 |    231 |   3065 |   3673 |   5 | 1814.6 |
   Spider Nest |      4 |      4 |      0 |      0 |      0 |   1 |    4.0 |
  Orcish Mines |   6322 |   6195 |    127 |   3943 |    981 |   2 | 3161.0 |
               +--------+--------+--------+--------+--------+-----+--------+

Top non-repeatable levels by time:
   Orc:2: 4123 daAuts
     D:7: 2273 daAuts
   Orc:1: 2199 daAuts
  Lair:4: 2189 daAuts
  Lair:5: 2049 daAuts
    D:11: 1828 daAuts
    D:12: 1766 daAuts
    D:10: 1744 daAuts
  Lair:1: 1668 daAuts
  Lair:3: 1657 daAuts
     D:8: 1566 daAuts
  Lair:2: 1509 daAuts
     D:6: 1468 daAuts
     D:9: 1373 daAuts
     D:1: 1171 daAuts
